WCHLSIM.com - West Coast Hockey League
html PUBLIC "-//W3C//DTD XHTML 1.0 Transitional//EN" "http://www.w3.org/TR/xhtml1/DTD/xhtml1-transitional.dtd"> WCHL - Game 203 - SASKATOON DUCKS vs TEXAS TOROS

SASKATOON DUCKS vs TEXAS TOROS

Created - 3 novembre 2019 at 09:40

Goals
1 2 3 T
SASKATOON DUCKS 0 2 1 3
TEXAS TOROS 1 0 1 2
Shots
1 2 3 T
SASKATOON DUCKS 4 6 10 20
TEXAS TOROS 1 13 7 21

1st period

1. TEXAS TOROS , Derek Stepan 2 (Brock McGinn 1, Erik Johnson 3) at 11:17

Penalties :
No Penalty

2nd period

2. SASKATOON DUCKS , Dylan Strome 5 (Jake McCabe 4) at 7:46
3. SASKATOON DUCKS , Jakub Vrana 4 (Dylan Strome 8) at 10:27

Penalties :
Ryan McDonagh (SAS) for Cross-checking (Minor) at 0:14, Jakub Vrana (SAS) for Tripping (Minor) at 2:27, Nick Cousins (TEX) for Holding (Minor) at 5:18, Martin Hanzal (SAS) for High sticking (Minor) at 7:53, Andreas Athanasiou (SAS) for Hooking (Minor) at 17:01

3rd period

4. TEXAS TOROS , Jake Virtanen 2 (Nick Schmaltz 5, Tyson Barrie 4) at 13:26
5. SASKATOON DUCKS , Vladislav Namestnikov 2 (Anthony Duclair 3, Jake McCabe 5) at 15:59

Penalties :
No Penalty

Goalie Stats

Cameron Talbot (SAS), 19 saves from 21 shots - (0,905), W, 1-4-1, 60:00 minutes
Anders Nilsson (TEX), 17 saves from 20 shots - (0,850), L, 2-6-0, 59:41 minutes

Players Stats for SASKATOON DUCKS

Player Name              G  A  P  +/- PIM S  H  SB GA TA FO     MP     PP MP  PK MP  
------------------------------------------------------------------------------------
Andreas Athanasiou       0  0  0   2  2   3  1  0  0  0  0/1    17:19   0:38   0:00 
Anthony Duclair          0  1  1   0  0   1  1  0  0  0  1/1    16:54   1:21   4:22 
Bryan Rust               0  0  0  -1  0   2  2  0  0  0  0/0    15:56   0:00   0:00 
Derek Forbort            0  0  0   3  0   0  1  0  0  0  0/0    19:40   0:00   4:13 
Devon Toews              0  0  0   0  0   0  0  0  0  0  0/0    18:07   0:38   3:43 
Dylan Strome             1  1  2   2  0   2  2  0  0  0  7/15   17:20   0:38   0:00 
Jake McCabe              0  2  2   3  0   0  4  1  0  0  0/0    19:10   0:00   3:43 
Jakub Vrana              1  0  1   2  2   1  0  0  0  0  0/1    18:06   0:38   0:00 
Joe Thornton             0  0  0  -1  0   2  0  0  0  0  9/13   17:17   1:21   0:00 
Jordan Weal              0  0  0   0  0   1  0  0  0  0  3/3     9:03   0:00   3:34 
Martin Hanzal            0  0  0   0  2   1  0  0  0  0  6/8     5:28   0:00   0:00 
Nate Schmidt             0  0  0  -2  0   1  1  2  0  0  0/0    22:13   1:21   0:00 
Ondrej Palat             0  0  0  -1  0   0  1  0  0  0  0/2    17:17   1:21   0:00 
Robert Fabbri            0  0  0   0  0   1  0  0  0  0  0/0     9:03   0:00   3:34 
Ryan McDonagh            0  0  0  -2  2   2  0  0  0  0  0/0    22:12   1:21   0:00 
Ryan Strome              0  0  0   0  0   0  1  0  0  0  18/26  16:20   0:00   4:22 
Travis Dermott           0  0  0   0  0   0  3  5  0  0  0/0    18:37   0:38   4:13 
Vladislav Namestnikov    1  0  1   0  0   3  0  0  0  0  1/1    11:58   0:00   0:00 

Players Stats for TEXAS TOROS

Player Name              G  A  P  +/- PIM S  H  SB GA TA FO     MP     PP MP  PK MP  
------------------------------------------------------------------------------------
Braydon Coburn           0  0  0   0  0   1  0  0  0  0  0/0    15:13   0:00   0:00 
Brock McGinn             0  1  1   1  0   1  0  0  0  0  0/3    19:08   3:21   1:32 
David Savard             0  0  0   0  0   1  5  0  0  0  0/0    22:18   3:32   1:06 
Derek Stepan             1  0  1   0  0   2  1  0  0  0  7/11   20:02   0:00   0:00 
Dmitry Kulikov           0  0  0   0  0   0  0  0  0  0  0/0     0:00   0:00   0:00 
Erik Gustafsson          0  0  0  -1  0   4  0  2  0  0  0/0    19:57   3:32   1:06 
Erik Johnson             0  1  1   0  0   0  0  1  0  0  0/0    24:50   4:24   0:53 
Jack Roslovic            0  0  0  -1  0   0  0  0  0  0  2/3     6:24   0:00   0:00 
Jake Virtanen            1  0  1   1  0   1  2  0  0  0  0/1    20:56   4:16   0:00 
Johan Larsson            0  0  0   1  0   0  1  0  0  0  0/0    20:56   4:16   0:00 
Justin Abdelkader        0  0  0   1  0   2  2  0  0  0  3/4    17:54   3:12   0:27 
Nathan Walker            0  0  0  -1  0   0  0  0  0  0  0/0     6:52   0:28   0:00 
Nick Cousins             0  0  0  -2  2   3  0  0  0  0  2/6    16:34   3:12   0:00 
Nick Schmaltz            0  1  1   1  0   3  0  0  0  0  5/28   22:28   4:16   1:32 
Patrik Nemeth            0  0  0   0  0   0  4  1  0  0  0/0    15:13   0:00   0:00 
Riley Nash               0  0  0  -2  0   0  1  0  0  0  7/14   13:13   0:00   0:27 
Sven Baertschi           0  0  0  -2  0   0  1  0  0  0  0/1    13:33   0:47   0:00 
Tyson Barrie             0  1  1  -1  0   3  0  0  0  0  0/0    22:29   4:24   0:53 

3 Stars

1 - Jake McCabe (SAS)
2 - Dylan Strome (SAS)
3 - Jake Virtanen (TEX)

Power Play

SASKATOON DUCKS - 0 on 1 Attempt(s) - 0,00%
TEXAS TOROS - 0 on 4 Attempt(s) - 0,00%

Penalty Kill

SASKATOON DUCKS - 4 on 4 Attempt(s) - 100,00% - Score 0 goal in Penalty Kill
TEXAS TOROS - 1 on 1 Attempt(s) - 100,00% - Score 0 goal in Penalty Kill

Team Stat

SASKATOON DUCKS - Hits : 17 - Faceoff Wins : 45 - Blocked Shots : 8 - Penalty Minutes : 8
TEXAS TOROS - Hits : 17 - Faceoff Wins : 26 - Blocked Shots : 4 - Penalty Minutes : 2

Official

Referees : Mike Leggo and Ian Walsh
Linesman : Mike Anderson and Don Jablonski

Game Notes

No Game Note

Finance

Level 1 -- Attendance: 6500 (100,00%) -- Ticket Income 663 000 $
Level 2 -- Attendance: 5371 (97,65%) -- Ticket Income 349 115 $
Level 3 -- Attendance: 2390 (79,67%) -- Ticket Income 88 430 $
Level 4 -- Attendance: 4927 (98,54%) -- Ticket Income 123 175 $
Luxury Box -- Attendance: 1000 (100,00%) -- Ticket Income 210 000 $
Game was played at the Red Bull Arena.
Total Attendance: 20188 (96,13%)
Total Ticket Income: 1 433 720 $
Other Income: 430 116 $
Total Income: 1 863 836 $

SASKATOON DUCKS

5 vs 5 Forward 
   Center                   Left Wing                Right Wing               Time % Phy DF OF 
 1 Dylan Strome             Jakub Vrana              Andreas Athanasiou       35     1   1  3  
 2 Joe Thornton             Ondrej Palat             Bryan Rust               32     1   1  3  
 3 Ryan Strome              Vladislav Namestnikov    Anthony Duclair          23     1   3  1  
 4 Martin Hanzal            Robert Fabbri            Jordan Weal              10     1   2  2  

5 vs 5 Defense 
   Defense                  Defense                                           Time % Phy DF OF 
 1 Ryan McDonagh            Nate Schmidt                                      40     1   3  1  
 2 Derek Forbort            Jake McCabe                                       31     0   4  1  
 3 Travis Dermott           Devon Toews                                       21     0   5  0  
 4 Ryan McDonagh            Nate Schmidt                                      8      1   2  2  

PowerPlay Forward 
   Center                   Left Wing                Right Wing               Time % Phy DF OF 
 1 Dylan Strome             Jakub Vrana              Andreas Athanasiou       55     0   0  5  
 2 Joe Thornton             Ondrej Palat             Anthony Duclair          45     0   1  4  

PowerPlay Defense
   Defense                  Defense                                           Time % Phy DF OF 
 1 Ryan McDonagh            Nate Schmidt                                      55     0   1  4  
 2 Travis Dermott           Devon Toews                                       45     0   2  3  

Penalty Kill 4 Players Forward 
   Center                   Wing                     Time % Phy DF OF 
 1 Ryan Strome              Anthony Duclair          55     1   2  2  
 2 Jordan Weal              Robert Fabbri            45     1   2  2  

Penalty Kill 4 Players Defense
   Defense                  Defense                  Time % Phy DF OF 
 1 Travis Dermott           Derek Forbort            55     1   2  2  
 2 Devon Toews              Jake McCabe              45     1   2  2  

Penalty Kill - 3 Players Forward 
   Forward                                           Time % Phy DF OF 
 1 Jordan Weal                                       55     1   2  2  
 2 Ryan Strome                                       45     1   2  2  

Penalty Kill - 3 Players Defense
   Defense                  Defense                  Time % Phy DF OF 
 1 Travis Dermott           Derek Forbort            55     1   2  2  
 2 Devon Toews              Jake McCabe              45     1   2  2  

4 vs 4 Forward 
   Center                   Wing                     Time % Phy DF OF 
 1 Joe Thornton             Andreas Athanasiou       55     1   2  2  
 2 Dylan Strome             Jakub Vrana              45     1   2  2  

4 vs 4 Defense
   Defense                  Defense                  Time % Phy DF OF 
 1 Ryan McDonagh            Nate Schmidt             55     1   2  2  
 2 Derek Forbort            Jake McCabe              45     1   2  2  

Last Minutes Offensive
   Center                   Left Wing                Right Wing               Defense                  Defense                  
   Dylan Strome             Jakub Vrana              Andreas Athanasiou       Ryan McDonagh            Nate Schmidt             

Last Minutes Defensive
   Center                   Left Wing                Right Wing               Defense                  Defense                  
   Joe Thornton             Bryan Rust               Vladislav Namestnikov    Ryan McDonagh            Nate Schmidt             

Goaltenders
Starting : Cameron Talbot           
Backup : Jared Coreau             

Extra Forwards
Normal : Jakub Vrana, Ryan Strome, Jordan Weal - PP : Bryan Rust, Ondrej Palat - PK : Jordan Weal
Extra Defensemen
Normal : Travis Dermott, Devon Toews, Derek Forbort - PP : Travis Dermott - PK : Devon Toews, Derek Forbort
Penalty Shots
Andreas Athanasiou, Dylan Strome, Joe Thornton, Bryan Rust, Ondrej Palat
Custom OT Lines Forwards
Joe Thornton, Dylan Strome, Bryan Rust, Andreas Athanasiou, Ondrej Palat, Vladislav Namestnikov, Jakub Vrana, Ryan Strome, Jordan Weal, Anthony Duclair
Custom OT Lines Defensemen
Ryan McDonagh, Nate Schmidt, Derek Forbort, Jake McCabe, Travis Dermott

Scratches
Jarred Tinordi (Healthy), Mason Geertsen (Healthy), Jordan Binnington (Sprained Left Ankle Injury)

TEXAS TOROS

5 vs 5 Forward 
   Center                   Left Wing                Right Wing               Time % Phy DF OF 
 1 Derek Stepan             Justin Abdelkader        Brock McGinn             38     1   1  3  
 2 Nick Schmaltz            Johan Larsson            Jake Virtanen            33     1   1  3  
 3 Riley Nash               Nick Cousins             Sven Baertschi           21     2   1  2  
 4 Jack Roslovic            Nathan Walker            Derek Stepan             8      2   2  1  

5 vs 5 Defense 
   Defense                  Defense                                           Time % Phy DF OF 
 1 Erik Johnson             Tyson Barrie                                      36     1   2  2  
 2 Erik Gustafsson          David Savard                                      31     1   2  2  
 3 Braydon Coburn           Patrik Nemeth                                     23     1   2  2  
 4 David Savard             Erik Johnson                                      10     1   2  2  

PowerPlay Forward 
   Center                   Left Wing                Right Wing               Time % Phy DF OF 
 1 Nick Cousins             Justin Abdelkader        Brock McGinn             55     1   2  2  
 2 Nick Schmaltz            Johan Larsson            Jake Virtanen            45     1   2  2  

PowerPlay Defense
   Defense                  Defense                                           Time % Phy DF OF 
 1 Erik Johnson             Tyson Barrie                                      55     1   2  2  
 2 Erik Gustafsson          David Savard                                      45     1   2  2  

Penalty Kill 4 Players Forward 
   Center                   Wing                     Time % Phy DF OF 
 1 Brock McGinn             Nick Schmaltz            55     1   2  2  
 2 Justin Abdelkader        Nick Cousins             45     1   2  2  

Penalty Kill 4 Players Defense
   Defense                  Defense                  Time % Phy DF OF 
 1 Erik Johnson             Tyson Barrie             55     1   2  2  
 2 Erik Gustafsson          David Savard             45     1   2  2  

Penalty Kill - 3 Players Forward 
   Forward                                           Time % Phy DF OF 
 1 Justin Abdelkader                                 55     1   2  2  
 2 Nick Schmaltz                                     45     1   2  2  

Penalty Kill - 3 Players Defense
   Defense                  Defense                  Time % Phy DF OF 
 1 Erik Johnson             Tyson Barrie             55     1   2  2  
 2 Erik Gustafsson          David Savard             45     1   2  2  

4 vs 4 Forward 
   Center                   Wing                     Time % Phy DF OF 
 1 Justin Abdelkader        Jake Virtanen            55     1   2  2  
 2 Nick Schmaltz            Sven Baertschi           45     1   2  2  

4 vs 4 Defense
   Defense                  Defense                  Time % Phy DF OF 
 1 Erik Johnson             Tyson Barrie             55     1   2  2  
 2 Erik Gustafsson          David Savard             45     1   2  2  

Last Minutes Offensive
   Center                   Left Wing                Right Wing               Defense                  Defense                  
   Nick Schmaltz            Justin Abdelkader        Brock McGinn             Erik Johnson             Tyson Barrie             

Last Minutes Defensive
   Center                   Left Wing                Right Wing               Defense                  Defense                  
   Nick Schmaltz            Justin Abdelkader        Brock McGinn             Erik Johnson             Tyson Barrie             

Goaltenders
Starting : Anders Nilsson           
Backup : Cory Schneider           

Extra Forwards
Normal : Nick Cousins, Sven Baertschi, Riley Nash - PP : Nick Cousins, Sven Baertschi - PK : Riley Nash
Extra Defensemen
Normal : Erik Gustafsson, Erik Johnson, Tyson Barrie - PP : Erik Johnson - PK : Patrik Nemeth, David Savard
Penalty Shots
Nick Cousins, Nick Schmaltz, Justin Abdelkader, Riley Nash, Brock McGinn
Custom OT Lines Forwards
Jack Roslovic, Nick Schmaltz, Justin Abdelkader, Derek Stepan, Brock McGinn, Jake Virtanen, Johan Larsson, Nick Cousins, Sven Baertschi, Riley Nash
Custom OT Lines Defensemen
Erik Johnson, Tyson Barrie, Erik Gustafsson, David Savard, Braydon Coburn

Scratches
Alexander Wennberg (Sprained Left Finger Injury), Sergei Boikov (Healthy), Christoffer Ehn (Healthy), Connor Bunnaman (Healthy), Johnathan Kovacevic (Healthy)
Marian Studenic (Healthy), Morgan Klimchuk (Healthy), Ryan Sproul (Healthy), Ryan Olsen (Healthy)

% Time on Ice - SASKATOON DUCKS

Lines # - Real PCT - Wanted PCT - Time Play
Normal Forward
1 - 34% - 35% - 16:42
2 - 32% - 32% - 15:56
3 - 23% - 23% - 11:11
4 - 11% - 10% - 5:29
Normal Defense
1 - 40% - 40% - 19:40
2 - 31% - 31% - 15:27
3 - 26% - 21% - 12:59
4 - 2% - 8% - 1:12
PP Forward
1 - 32% - 55% - 0:38
2 - 68% - 45% - 1:21
PP Defense
1 - 68% - 55% - 1:21
2 - 32% - 45% - 0:38
PK Forward
1 - 55% - 55% - 4:22
2 - 45% - 45% - 3:34
PK Defense
1 - 53% - 55% - 4:13
2 - 47% - 45% - 3:43
PK3 Forward
1 - 0% - 55%
2 - 0% - 45%
PK3 Defense
1 - 0% - 55%
2 - 0% - 45%
44 Forward
1 - 0% - 55%
2 - 0% - 45%
44 Defense
1 - 0% - 55%
2 - 0% - 45%
Last Minute Offensive  - 0:00
Last Minute Defensive  - 0:47
Total
Forward - 60:00
Defense - 60:00

% Time on Ice - TEXAS TOROS

Lines # - Real PCT - Wanted PCT - Time Play
Normal Forward
1 - 28% - 38% - 13:38
2 - 34% - 33% - 16:40
3 - 26% - 21% - 12:46
4 - 13% - 8% - 6:24
Normal Defense
1 - 32% - 36% - 15:55
2 - 29% - 31% - 14:19
3 - 32% - 23% - 15:53
4 - 7% - 10% - 3:21
PP Forward
1 - 46% - 55% - 3:40
2 - 54% - 45% - 4:16
PP Defense
1 - 55% - 55% - 4:24
2 - 45% - 45% - 3:32
PK Forward
1 - 77% - 55% - 1:32
2 - 23% - 45% - 0:27
PK Defense
1 - 45% - 55% - 0:53
2 - 55% - 45% - 1:06
PK3 Forward
1 - 0% - 55%
2 - 0% - 45%
PK3 Defense
1 - 0% - 55%
2 - 0% - 45%
44 Forward
1 - 0% - 55%
2 - 0% - 45%
44 Defense
1 - 0% - 55%
2 - 0% - 45%
Last Minute Offensive  - 0:37
Last Minute Defensive  - 0:00
Total
Forward - 60:00
Defense - 60:00

Play-by-Play

1st period


0:01 of 1st period - Dylan Strome wins face-off versus Derek Stepan in neutral zone.
2:28 of 1st period - Icing by Derek Forbort.
2:29 of 1st period - Jack Roslovic wins face-off versus Joe Thornton in SASKATOON DUCKS zone.
2:52 of 1st period - Shot by Derek Stepan.
2:52 of 1st period - Shot Misses the Net.
3:03 of 1st period - Icing by Derek Forbort.
3:04 of 1st period - Joe Thornton wins face-off versus Derek Stepan in SASKATOON DUCKS zone.
3:04 of 1st period - Joe Thornton is hit by Justin Abdelkader.
3:20 of 1st period - Off-side.
3:21 of 1st period - Riley Nash wins face-off versus Ryan Strome in neutral zone.
3:40 of 1st period - Shot by Nick Cousins.
3:40 of 1st period - Shot Blocked by Travis Dermott.
3:42 of 1st period - Shot by David Savard.
3:42 of 1st period - Shot Blocked by Travis Dermott.
4:34 of 1st period - Icing by Erik Johnson.
4:35 of 1st period - Dylan Strome wins face-off versus Nick Schmaltz in TEXAS TOROS zone.
4:50 of 1st period - Shot by Dylan Strome.
4:50 of 1st period - Shot Misses the Net.
4:56 of 1st period - Shot by Dylan Strome.
4:56 of 1st period - Shot Misses the Net.
4:59 of 1st period - Icing by Erik Johnson.
5:00 of 1st period - Martin Hanzal wins face-off versus Nick Schmaltz in TEXAS TOROS zone.
5:04 of 1st period - Icing by Erik Johnson.
5:05 of 1st period - Martin Hanzal wins face-off versus Nick Schmaltz in TEXAS TOROS zone.
5:22 of 1st period - Off-side.
5:23 of 1st period - Justin Abdelkader wins face-off versus Ryan Strome in neutral zone.
6:23 of 1st period - Shot by Sven Baertschi.
6:23 of 1st period - Shot Blocked by Nate Schmidt.
7:11 of 1st period - Erik Johnson is hit by Dylan Strome and loses puck.
7:18 of 1st period - Jakub Vrana is hit by Jake Virtanen and loses puck.
8:04 of 1st period - Shot by Derek Stepan.
8:04 of 1st period - Deflect By Jack Roslovic.
8:04 of 1st period - Shot Misses the Net.
8:30 of 1st period - Icing by Travis Dermott.
8:31 of 1st period - Riley Nash wins face-off versus Dylan Strome in SASKATOON DUCKS zone.
8:31 of 1st period - Riley Nash is hit by Travis Dermott.
9:01 of 1st period - Shot by Erik Gustafsson.
9:01 of 1st period - Shot Misses the Net.
9:03 of 1st period - Shot by Erik Gustafsson.
9:03 of 1st period - Shot Misses the Net.
9:05 of 1st period - Shot by Erik Gustafsson.
9:05 of 1st period - Shot Blocked by Travis Dermott.
9:45 of 1st period - Shot by Ondrej Palat.
9:45 of 1st period - Shot Misses the Net.
9:47 of 1st period - Shot by Nate Schmidt.
9:47 of 1st period - Stopped by Anders Nilsson without a rebound.
9:48 of 1st period - Martin Hanzal wins face-off versus Nick Schmaltz in TEXAS TOROS zone.
10:54 of 1st period - Erik Johnson is hit by Bryan Rust and loses puck.
11:13 of 1st period - Shot by Derek Stepan.
11:13 of 1st period - Shot Blocked by Nate Schmidt.
11:17 of 1st period - Shot by Derek Stepan.
11:17 of 1st period - Goal by Derek Stepan - SASKATOON DUCKS : 0 - TEXAS TOROS : 1.
11:18 of 1st period - Ryan Strome wins face-off versus Riley Nash in neutral zone.
11:34 of 1st period - Icing by Riley Nash.
11:35 of 1st period - Nick Cousins wins face-off versus Martin Hanzal in TEXAS TOROS zone.
12:18 of 1st period - Ryan McDonagh is hit by David Savard.
12:28 of 1st period - Joe Thornton is hit by Justin Abdelkader and loses puck.
13:04 of 1st period - Ondrej Palat is hit by David Savard and loses puck.
13:11 of 1st period - Jake McCabe is hit by Derek Stepan and loses puck.
13:30 of 1st period - Braydon Coburn is hit by Bryan Rust and loses puck.
13:42 of 1st period - Off-side.
13:43 of 1st period - Riley Nash wins face-off versus Ryan Strome in neutral zone.
14:03 of 1st period - Icing by Devon Toews.
14:04 of 1st period - Ryan Strome wins face-off versus Nick Schmaltz in SASKATOON DUCKS zone.
14:14 of 1st period - Icing by Patrik Nemeth.
14:15 of 1st period - Dylan Strome wins face-off versus Nick Schmaltz in TEXAS TOROS zone.
16:04 of 1st period - Joe Thornton is hit by David Savard and loses puck.
16:13 of 1st period - Shot by Bryan Rust.
16:13 of 1st period - Shot Misses the Net.
16:17 of 1st period - Shot by Joe Thornton.
16:17 of 1st period - Shot Misses the Net.
17:43 of 1st period - Shot by Andreas Athanasiou.
17:43 of 1st period - Stopped by Anders Nilsson without a rebound.
17:44 of 1st period - Vladislav Namestnikov wins face-off versus Nick Schmaltz in TEXAS TOROS zone.
17:47 of 1st period - Shot by Anthony Duclair.
17:47 of 1st period - Shot Misses the Net.
17:57 of 1st period - Vladislav Namestnikov is hit by Johan Larsson and loses puck.
19:09 of 1st period - Icing by Ryan McDonagh.
19:10 of 1st period - Dylan Strome wins face-off versus Nick Schmaltz in SASKATOON DUCKS zone.
19:10 of 1st period - Dylan Strome is hit by Jake Virtanen.
19:19 of 1st period - Ryan McDonagh is hit by Patrik Nemeth and loses puck.
19:26 of 1st period - Shot by Dylan Strome.
19:26 of 1st period - Shot Misses the Net.
19:28 of 1st period - Shot by Nate Schmidt.
19:28 of 1st period - Shot Blocked by Patrik Nemeth.
19:33 of 1st period - Dylan Strome is hit by Patrik Nemeth.
19:39 of 1st period - Shot by Dylan Strome.
19:39 of 1st period - Stopped by Anders Nilsson without a rebound.
19:40 of 1st period - Riley Nash wins face-off versus Joe Thornton in TEXAS TOROS zone.
19:51 of 1st period - Shot by Joe Thornton.
19:51 of 1st period - Stopped by Anders Nilsson with a rebound.
Goals for this period are 0 for SASKATOON DUCKS vs 1 for TEXAS TOROS.
Shots for this period are 4 for SASKATOON DUCKS vs 1 for TEXAS TOROS.

2nd period


0:01 of 2nd period - Derek Stepan wins face-off versus Joe Thornton in neutral zone.
0:06 of 2nd period - Shot by Erik Gustafsson.
0:06 of 2nd period - Shot Misses the Net.
0:09 of 2nd period - Icing by Nate Schmidt.
0:10 of 2nd period - Derek Stepan wins face-off versus Ondrej Palat in SASKATOON DUCKS zone.
0:14 of 2nd period - Minor Penalty to Ryan McDonagh for Cross-checking.
0:15 of 2nd period - Ryan Strome wins face-off versus Nick Cousins in SASKATOON DUCKS zone.
1:16 of 2nd period - Shot by Nick Schmaltz.
1:16 of 2nd period - Stopped by Cameron Talbot without a rebound.
1:17 of 2nd period - Jordan Weal wins face-off versus Nick Schmaltz in SASKATOON DUCKS zone.
1:36 of 2nd period - Shot by Nick Schmaltz.
1:36 of 2nd period - Stopped by Cameron Talbot without a rebound.
1:37 of 2nd period - Nick Schmaltz wins face-off versus Ryan Strome in SASKATOON DUCKS zone.
2:07 of 2nd period - Shot by Tyson Barrie.
2:07 of 2nd period - Deflect By Johan Larsson.
2:07 of 2nd period - Shot Blocked by Jake McCabe.
2:27 of 2nd period - Minor Penalty to Jakub Vrana for Tripping.
2:28 of 2nd period - Justin Abdelkader wins face-off versus Ryan Strome in SASKATOON DUCKS zone.
3:01 of 2nd period - Shot by Erik Gustafsson.
3:01 of 2nd period - Stopped by Cameron Talbot without a rebound.
3:02 of 2nd period - Ryan Strome wins face-off versus Nick Schmaltz in SASKATOON DUCKS zone.
3:21 of 2nd period - Shot by Tyson Barrie.
3:21 of 2nd period - Stopped by Cameron Talbot without a rebound.
3:22 of 2nd period - Jordan Weal wins face-off versus Nick Cousins in SASKATOON DUCKS zone.
3:33 of 2nd period - Shot by Justin Abdelkader.
3:33 of 2nd period - Stopped by Cameron Talbot without a rebound.
3:34 of 2nd period - Ryan Strome wins face-off versus Nick Schmaltz in SASKATOON DUCKS zone.
3:49 of 2nd period - Icing by Jake Virtanen.
3:50 of 2nd period - Ryan Strome wins face-off versus Nick Schmaltz in TEXAS TOROS zone.
4:52 of 2nd period - Shot by Justin Abdelkader.
4:52 of 2nd period - Stopped by Cameron Talbot without a rebound.
4:53 of 2nd period - Riley Nash wins face-off versus Dylan Strome in SASKATOON DUCKS zone.
5:01 of 2nd period - Sven Baertschi is hit by Jake McCabe and loses puck.
5:18 of 2nd period - Minor Penalty to Nick Cousins for Holding.
5:19 of 2nd period - Joe Thornton wins face-off versus Brock McGinn in TEXAS TOROS zone.
5:39 of 2nd period - Shot by Anthony Duclair.
5:39 of 2nd period - Shot Misses the Net.
5:41 of 2nd period - Shot by Ryan McDonagh.
5:41 of 2nd period - Stopped by Anders Nilsson with a rebound.
5:55 of 2nd period - Shot by Ondrej Palat.
5:55 of 2nd period - Deflect By Joe Thornton.
5:55 of 2nd period - Shot Misses the Net.
5:57 of 2nd period - Shot by Ryan McDonagh.
5:57 of 2nd period - Shot Misses the Net.
6:29 of 2nd period - Shot by Andreas Athanasiou.
6:29 of 2nd period - Stopped by Anders Nilsson without a rebound.
6:30 of 2nd period - Justin Abdelkader wins face-off versus Andreas Athanasiou in TEXAS TOROS zone.
6:38 of 2nd period - Icing by Jakub Vrana.
6:39 of 2nd period - Dylan Strome wins face-off versus Brock McGinn in SASKATOON DUCKS zone.
6:43 of 2nd period - Off-side.
6:44 of 2nd period - Anthony Duclair wins face-off versus Brock McGinn in neutral zone.
7:22 of 2nd period - Erik Johnson is hit by Andreas Athanasiou.
7:39 of 2nd period - Erik Johnson is hit by Jake McCabe and loses puck.
7:46 of 2nd period - Shot by Dylan Strome.
7:46 of 2nd period - Goal by Dylan Strome - SASKATOON DUCKS : 1 - TEXAS TOROS : 1.
7:47 of 2nd period - Martin Hanzal wins face-off versus Jack Roslovic in neutral zone.
7:53 of 2nd period - Minor Penalty to Martin Hanzal for High sticking.
7:54 of 2nd period - Nick Schmaltz wins face-off versus Ryan Strome in SASKATOON DUCKS zone.
8:03 of 2nd period - Shot by Erik Gustafsson.
8:03 of 2nd period - Stopped by Cameron Talbot without a rebound.
8:04 of 2nd period - Ryan Strome wins face-off versus Nick Cousins in SASKATOON DUCKS zone.
8:15 of 2nd period - Shot by Tyson Barrie.
8:15 of 2nd period - Stopped by Cameron Talbot without a rebound.
8:16 of 2nd period - Ryan Strome wins face-off versus Nick Schmaltz in SASKATOON DUCKS zone.
8:33 of 2nd period - David Savard is hit by Anthony Duclair and loses puck.
8:58 of 2nd period - Shot by Nick Schmaltz.
8:58 of 2nd period - Deflect By Jake Virtanen.
8:58 of 2nd period - Shot Misses the Net.
9:07 of 2nd period - Icing by Johan Larsson.
9:08 of 2nd period - Jordan Weal wins face-off versus Nick Schmaltz in TEXAS TOROS zone.
9:26 of 2nd period - Icing by Erik Johnson.
9:27 of 2nd period - Nick Cousins wins face-off versus Ryan Strome in TEXAS TOROS zone.
9:27 of 2nd period - Nick Cousins is hit by Ryan Strome.
10:11 of 2nd period - Shot by Bryan Rust.
10:11 of 2nd period - Shot Misses the Net.
10:20 of 2nd period - Joe Thornton is hit by Patrik Nemeth and loses puck.
10:23 of 2nd period - Shot by Bryan Rust.
10:23 of 2nd period - Stopped by Anders Nilsson without a rebound.
10:24 of 2nd period - Dylan Strome wins face-off versus Riley Nash in TEXAS TOROS zone.
10:27 of 2nd period - Shot by Jakub Vrana.
10:27 of 2nd period - Goal by Jakub Vrana - SASKATOON DUCKS : 2 - TEXAS TOROS : 1.
10:28 of 2nd period - Nick Schmaltz wins face-off versus Dylan Strome in neutral zone.
10:37 of 2nd period - Shot by Nick Schmaltz.
10:37 of 2nd period - Shot Misses the Net.
12:22 of 2nd period - Shot by Nick Cousins.
12:22 of 2nd period - Stopped by Cameron Talbot without a rebound.
12:23 of 2nd period - Joe Thornton wins face-off versus Riley Nash in SASKATOON DUCKS zone.
12:37 of 2nd period - Shot by Ondrej Palat.
12:37 of 2nd period - Shot Misses the Net.
12:51 of 2nd period - Shot by Bryan Rust.
12:51 of 2nd period - Stopped by Anders Nilsson without a rebound.
12:52 of 2nd period - Ryan Strome wins face-off versus Nick Schmaltz in TEXAS TOROS zone.
13:13 of 2nd period - Shot by Vladislav Namestnikov.
13:13 of 2nd period - Shot Misses the Net.
14:18 of 2nd period - Patrik Nemeth is hit by Ondrej Palat and loses puck.
14:34 of 2nd period - Shot by Jordan Weal.
14:34 of 2nd period - Shot Misses the Net.
15:16 of 2nd period - Shot by Tyson Barrie.
15:16 of 2nd period - Shot Misses the Net.
15:18 of 2nd period - Shot by Brock McGinn.
15:18 of 2nd period - Stopped by Cameron Talbot without a rebound.
15:19 of 2nd period - Dylan Strome wins face-off versus Derek Stepan in SASKATOON DUCKS zone.
15:33 of 2nd period - Off-side.
15:34 of 2nd period - Joe Thornton wins face-off versus Riley Nash in neutral zone.
15:34 of 2nd period - Bryan Rust is hit by Sven Baertschi.
15:49 of 2nd period - Ryan McDonagh is hit by Riley Nash and loses puck.
16:32 of 2nd period - Off-side.
16:33 of 2nd period - Derek Stepan wins face-off versus Dylan Strome in neutral zone.
16:35 of 2nd period - Tyson Barrie is hit by Dylan Strome and loses puck.
16:41 of 2nd period - Erik Johnson is hit by Derek Forbort and loses puck.
16:55 of 2nd period - Derek Stepan is hit by Jake McCabe and loses puck.
17:01 of 2nd period - Minor Penalty to Andreas Athanasiou for Hooking.
17:02 of 2nd period - Ryan Strome wins face-off versus Nick Cousins in SASKATOON DUCKS zone.
18:21 of 2nd period - Shot by David Savard.
18:21 of 2nd period - Stopped by Cameron Talbot with a rebound.
18:23 of 2nd period - Shot by Nick Cousins.
18:23 of 2nd period - Shot Misses the Net.
18:25 of 2nd period - Shot by Nick Cousins.
18:25 of 2nd period - Shot Blocked by Travis Dermott.
18:27 of 2nd period - Shot by Erik Gustafsson.
18:27 of 2nd period - Stopped by Cameron Talbot without a rebound.
18:28 of 2nd period - Ryan Strome wins face-off versus Sven Baertschi in SASKATOON DUCKS zone.
18:55 of 2nd period - Shot by Tyson Barrie.
18:55 of 2nd period - Stopped by Cameron Talbot without a rebound.
18:56 of 2nd period - Ryan Strome wins face-off versus Nick Schmaltz in SASKATOON DUCKS zone.
19:51 of 2nd period - Off-side.
19:52 of 2nd period - Nick Schmaltz wins face-off versus Dylan Strome in neutral zone.
Goals for this period are 2 for SASKATOON DUCKS vs 0 for TEXAS TOROS.
Shots for this period are 6 for SASKATOON DUCKS vs 13 for TEXAS TOROS.

3rd period


0:01 of 3rd period - Derek Stepan wins face-off versus Jakub Vrana in neutral zone.
1:21 of 3rd period - Shot by Ryan Strome.
1:21 of 3rd period - Shot Misses the Net.
1:29 of 3rd period - Shot by Erik Gustafsson.
1:29 of 3rd period - Stopped by Cameron Talbot without a rebound.
1:30 of 3rd period - Joe Thornton wins face-off versus Riley Nash in SASKATOON DUCKS zone.
1:46 of 3rd period - Icing by Patrik Nemeth.
1:47 of 3rd period - Riley Nash wins face-off versus Martin Hanzal in TEXAS TOROS zone.
1:59 of 3rd period - Icing by Jordan Weal.
2:00 of 3rd period - Martin Hanzal wins face-off versus Nick Schmaltz in SASKATOON DUCKS zone.
3:31 of 3rd period - Shot by Derek Stepan.
3:31 of 3rd period - Stopped by Cameron Talbot with a rebound.
3:33 of 3rd period - Shot by Derek Stepan.
3:33 of 3rd period - Shot Misses the Net.
3:51 of 3rd period - Shot by Andreas Athanasiou.
3:51 of 3rd period - Shot Misses the Net.
4:46 of 3rd period - Icing by Erik Gustafsson.
4:47 of 3rd period - Ryan Strome wins face-off versus Nick Schmaltz in TEXAS TOROS zone.
4:58 of 3rd period - Shot by Ryan McDonagh.
4:58 of 3rd period - Shot Blocked by Erik Gustafsson.
5:00 of 3rd period - Shot by Ryan Strome.
5:00 of 3rd period - Shot Blocked by Erik Gustafsson.
5:02 of 3rd period - Shot by Nate Schmidt.
5:02 of 3rd period - Shot Misses the Net.
5:04 of 3rd period - Shot by Ryan McDonagh.
5:04 of 3rd period - Stopped by Anders Nilsson without a rebound.
5:05 of 3rd period - Derek Stepan wins face-off versus Dylan Strome in TEXAS TOROS zone.
6:02 of 3rd period - Shot by Bryan Rust.
6:02 of 3rd period - Shot Misses the Net.
6:04 of 3rd period - Shot by Ryan McDonagh.
6:04 of 3rd period - Shot Misses the Net.
6:23 of 3rd period - Off-side.
6:24 of 3rd period - Ryan Strome wins face-off versus Nick Schmaltz in neutral zone.
6:44 of 3rd period - Shot by Nick Schmaltz.
6:44 of 3rd period - Shot Blocked by Travis Dermott.
6:49 of 3rd period - Jake Virtanen is hit by Travis Dermott and loses puck.
7:09 of 3rd period - Jake Virtanen is hit by Travis Dermott and loses puck.
8:42 of 3rd period - Icing by Jake McCabe.
8:43 of 3rd period - Nick Schmaltz wins face-off versus Dylan Strome in SASKATOON DUCKS zone.
9:07 of 3rd period - Andreas Athanasiou is hit by David Savard and loses puck.
9:15 of 3rd period - Nick Schmaltz is hit by Jake McCabe and loses puck.
9:58 of 3rd period - Shot by Robert Fabbri.
9:58 of 3rd period - Stopped by Anders Nilsson without a rebound.
9:59 of 3rd period - Ryan Strome wins face-off versus Riley Nash in TEXAS TOROS zone.
10:12 of 3rd period - Shot by Anthony Duclair.
10:12 of 3rd period - Shot Blocked by Erik Johnson.
10:16 of 3rd period - Shot by Vladislav Namestnikov.
10:16 of 3rd period - Stopped by Anders Nilsson without a rebound.
10:17 of 3rd period - Joe Thornton wins face-off versus Justin Abdelkader in TEXAS TOROS zone.
10:47 of 3rd period - Shot by Bryan Rust.
10:47 of 3rd period - Deflect By Joe Thornton.
10:47 of 3rd period - Stopped by Anders Nilsson without a rebound.
10:48 of 3rd period - Ryan Strome wins face-off versus Nick Schmaltz in TEXAS TOROS zone.
10:51 of 3rd period - Shot by Vladislav Namestnikov.
10:51 of 3rd period - Stopped by Anders Nilsson without a rebound.
10:52 of 3rd period - Ryan Strome wins face-off versus Nick Schmaltz in TEXAS TOROS zone.
11:32 of 3rd period - Nick Schmaltz is hit by Nate Schmidt and loses puck.
11:37 of 3rd period - Shot by Nick Schmaltz.
11:37 of 3rd period - Stopped by Cameron Talbot without a rebound.
11:38 of 3rd period - Derek Stepan wins face-off versus Dylan Strome in SASKATOON DUCKS zone.
12:52 of 3rd period - Off-side.
12:53 of 3rd period - Ryan Strome wins face-off versus Nick Schmaltz in neutral zone.
13:26 of 3rd period - Shot by Jake Virtanen.
13:26 of 3rd period - Goal by Jake Virtanen - SASKATOON DUCKS : 2 - TEXAS TOROS : 2.
13:27 of 3rd period - Joe Thornton wins face-off versus Riley Nash in neutral zone.
13:34 of 3rd period - Shot by Bryan Rust.
13:34 of 3rd period - Shot Misses the Net.
13:41 of 3rd period - Icing by Devon Toews.
13:42 of 3rd period - Derek Stepan wins face-off versus Joe Thornton in SASKATOON DUCKS zone.
14:37 of 3rd period - Shot by Andreas Athanasiou.
14:37 of 3rd period - Stopped by Anders Nilsson with a rebound.
15:35 of 3rd period - Shot by Nick Cousins.
15:35 of 3rd period - Stopped by Cameron Talbot without a rebound.
15:36 of 3rd period - Jack Roslovic wins face-off versus Ryan Strome in SASKATOON DUCKS zone.
15:39 of 3rd period - Shot by Derek Stepan.
15:39 of 3rd period - Shot Misses the Net.
15:57 of 3rd period - Shot by Anthony Duclair.
15:57 of 3rd period - Stopped by Anders Nilsson with a rebound.
15:59 of 3rd period - Shot by Vladislav Namestnikov.
15:59 of 3rd period - Goal by Vladislav Namestnikov - SASKATOON DUCKS : 3 - TEXAS TOROS : 2.
16:00 of 3rd period - Riley Nash wins face-off versus Ondrej Palat in neutral zone.
16:03 of 3rd period - Shot by Sven Baertschi.
16:03 of 3rd period - Deflect By Nick Cousins.
16:03 of 3rd period - Stopped by Cameron Talbot with a rebound.
16:05 of 3rd period - Shot by Braydon Coburn.
16:05 of 3rd period - Stopped by Cameron Talbot with a rebound.
16:20 of 3rd period - Joe Thornton is hit by Patrik Nemeth and loses puck.
18:04 of 3rd period - Icing by Erik Johnson.
18:05 of 3rd period - Martin Hanzal wins face-off versus Derek Stepan in TEXAS TOROS zone.
18:14 of 3rd period - Shot by Martin Hanzal.
18:14 of 3rd period - Stopped by Anders Nilsson with a rebound.
18:16 of 3rd period - Shot by Travis Dermott.
18:16 of 3rd period - Deflect By Jordan Weal.
18:16 of 3rd period - Stopped by Anders Nilsson without a rebound.
18:17 of 3rd period - Joe Thornton wins face-off versus Jake Virtanen in TEXAS TOROS zone.
18:21 of 3rd period - Icing by Erik Gustafsson.
18:22 of 3rd period - Joe Thornton wins face-off versus Nick Schmaltz in TEXAS TOROS zone.
19:07 of 3rd period - Ryan McDonagh is hit by David Savard and loses puck.
19:41 of 3rd period - TEXAS TOROS, Anders Nilsson is pulled from the net.
Goals for this period are 1 for SASKATOON DUCKS vs 1 for TEXAS TOROS.
Shots for this period are 10 for SASKATOON DUCKS vs 7 for TEXAS TOROS.


SEBASTIAN
AHO
MARK
SCHEIFELE
JAKE
OETTINGER

EAST COAST

HOCKEY LEAGUE

  • 17.QUE3CHI2
  • 18.CHA2LIM4
  • 19.TRV3LON2
  • 20.CHW1BAL2
  • 21.PITMAN
  • 22.ATLNHW
  • 23.WORPET
  • 24.RHI